 Dungeon Crawl Stone Soup version 0.21-a0-351-g38363bb (webtiles) character file.

86463 nikopol the Severer (level 15, 0/142 (143) HPs)
             Began as a Minotaur Berserker on Oct 9, 2017.
             Was the Champion of Trog.
             Succumbed to a green ugly thing's poison
             ... on level 15 of the Dungeon.
             The game lasted 01:24:47 (29758 turns).

nikopol the Severer (Minotaur Berserker)           Turns: 29758, Time: 01:24:48

HP:   0/142 (143)   AC: 23    Str: 23    XL:     15   Next: 40%
MP:   4/4           EV: 16    Int:  4    God:    Trog [******]
Gold: 2339          SH:  0    Dex: 22    Spells: 14/14 levels left

rFire    + + .     SeeInvis .   a - +4 battleaxe (antimagic)
rCold    + . .     Gourm    +   (shield currently unavailable)
rNeg     . . .     Faith    .   T - +9 ring mail "Tust" {rF+ rCorr Dex+3}
rPois    .         Spirit   .   (helmet restricted)
rElec    .         Reflect  .   e - +0 cloak {rF+}
rCorr    +         Harm     .   k - +0 pair of gloves
MR       +....                  f - +2 pair of boots
Stlth    ++........             C - amulet of the gourmand
HPRegen  0.33/turn              L - ring of protection from cold
MPRegen  0.09/turn              g - +4 ring of dexterity

@: lethally poisoned (0 -> -9), berserk cooldown, slowed, very slow
A: retaliatory headbutt, horns 2
a: Berserk, Trog's Hand, Brothers in Arms, Burn Spellbooks, Renounce Religion


You were on level 15 of the Dungeon.
You worshipped Trog.
Trog was exalted by your worship.
You were very full.

You visited 3 branches of the dungeon, and saw 23 of its levels.
You also visited: Labyrinth, Sewer and Volcano.

You collected 2483 gold pieces.
You spent 144 gold pieces at shops.

Inventory:

Hand Weapons
 a - a +4 antimagic battleaxe (weapon)
 n - a +0 flail of draining
 z - a +4 shortbow of flaming
Missiles
 i - 433 arrows
Armour
 e - a +0 cloak of fire resistance (worn)
 f - a +2 pair of boots (worn)
 k - a +0 pair of gloves (worn)
 T - the +9 ring mail "Tust" (worn) {rF+ rCorr Dex+3}
   (You found it in a labyrinth)

   It affects your dexterity (+3).
   It protects you from fire.
   It protects you from acid and corrosion.
Jewellery
 b - an uncursed ring of resist corrosion
 g - a +4 ring of dexterity (right hand)
 p - an uncursed ring of see invisible
 v - an uncursed ring of flight
 C - an amulet of the gourmand (around neck)
 L - a ring of protection from cold (left hand)
 N - a +5 ring of strength
Wands
 D - a wand of disintegration (9/24)
 K - a wand of confusion (42/48)
 P - a wand of paralysis (6/24)
Scrolls
 m - 11 scrolls of teleportation
 y - 7 scrolls of remove curse
 E - a scroll of summoning {unknown}
 J - 4 scrolls of recharging
 M - 3 scrolls of blinking
 O - 2 scrolls of enchant armour {unknown}
 Q - a scroll of brand weapon {unknown}
 R - 2 scrolls of enchant weapon
 S - a scroll of magic mapping
 W - 2 scrolls of identify
Potions
 d - 3 potions of invisibility
 l - 4 potions of agility
 o - 9 potions of curing
 q - 3 potions of haste
 r - 9 potions of heal wounds
 u - 2 potions of degeneration {unknown}
 w - a potion of flight {unknown}
 x - 3 potions of lignification {unknown}
 A - 4 potions of mutation {unknown}
 B - 6 potions of might
 F - 5 potions of brilliance {unknown}
 G - a potion of magic {unknown}
 H - 5 potions of resistance {unknown}
 I - 6 potions of berserk rage {unknown}
Miscellaneous
 Z - a phantom mirror
Comestibles
 c - 10 bread rations
 h - 15 fruits
 j - 22 royal jellies
 s - 13 meat rations


   Skills:
 + Level 15.6 Fighting
 + Level 17.6 Axes
 + Level 15.0 Bows
 + Level 13.0 Armour
 + Level 6.4 Dodging
 + Level 3.1 Stealth
 + Level 0.1 Evocations


You had 14 spell levels left.
You didn't know any spells.

Dungeon Overview and Level Annotations

Branches:
Dungeon (15/15)            Temple (0/1) D:5            Lair (6/6) D:11
 Shoals (0/4) Lair:3       Spider (0/4) Lair:4        Slime (0/5) Lair:5
    Orc (2/2) D:10            Elf (0/3) Orc:2        Vaults (0/5) D:13
 Depths (0/5) D:15

Altars:
Ashenzari
Cheibriados
Dithmenos
Elyvilon
Hepliaklqana
Makhleb
Okawaru
Ru
Wu Jian
Xom
The Shining One

Shops:
Orc:2 :}?*


Innate Abilities, Weirdness & Mutations

You reflexively headbutt those who attack you in melee.
You have a pair of horns on your head.


Message History

You slice the green ugly thing!!
You kill the green ugly thing!
Trog accepts your kill.
* * * LOW HITPOINT WARNING * * *
You feel sick.
* * * LOW HITPOINT WARNING * * *
You feel sick.
You feel a strong urge to attack something.
* * * LOW HITPOINT WARNING * * *
You feel sick.
You are no longer berserk.
You are exhausted.
You feel yourself slow down.
* * * LOW HITPOINT WARNING * * *
You feel sick.
* * * LOW HITPOINT WARNING * * *
You feel very sick.
* * * LOW HITPOINT WARNING * * *
You feel sick.
You die...

(... # ##..# ###. #.†.#
.....##.#)# #.......#
#### ###.###.### #...
#.......# #.##
#....##.#############.##
#.. #@# #............. .
#.# #.#####.###.## #.#
#.##....# #.## #..####.#
#.......# #...
........###.##....# ####
...####..##.##..#.#
##..........#
#.....#..#.######
####.....#..#.#..<..


There were no monsters in sight!

Vanquished Creatures
  Roxanne (D:15)
  Nessos (D:12)
  A dire elephant (Lair:6)
  An ettin (Orc:1)
  A minotaur (Lab)
  A yaktaur captain (D:15)
  A fire dragon (D:13)
  8 hydras
  A vault guard (D:13)
  A catoblepas (Lair:6)
  4 centaur warriors
  A tengu warrior (D:15)
  4 death yaks (Lair:6)
  6 two-headed ogres
  A deep troll shaman (Lair:6)
  3 orc high priests (Orc:2)
  3 unseen horrors
  4 orc knights (Orc:2)
  A lindwurm (Lair:3)
  Pikel (D:8)
  A wolf spider zombie (D:14)
  5 orc sorcerers
  An orb spider (Lair:4)
  3 manticores
  19 ugly things
  2 salamanders (Volcano)
  4 cyclopes
  10 elephants
  Maurice (D:9)
  4 black mambas
  Joseph (D:9)
  6 spiny frogs
  2 gargoyles
  A rime drake (Lair:6)
  6 centaur skeletons
  An efreet (D:13)
  2 komodo dragons
  A yaktaur (D:15)
  4 trolls
  A polar bear (Lair:6)
  A queen bee (D:14)
  3 meliai (D:14)
  2 hornets
  4 slime creatures (D:13)
  8 blink frogs (Lair:5)
  7 dream sheep (Lair:6)
  14 hippogriffs
  A redback (Lab)
  A vampire (D:10)
  3 wyverns
  38 yaks
  3 water elementals (D:14)
  2 wraiths
  A fire bat (Volcano)
  Grum (D:9)
  3 basilisks
  8 hungry ghosts
  A steam dragon (Lair:4)
  A warg (Orc:2)
  A soldier ant (D:14)
  11 water moccasins
  The ghost of 4thArraOfDagon the Skirmisher, an amateur OgEn of the Shining One (D:5)
  Purgy (Sewer)
  10 porcupines
  A black bear (Lair:6)
  23 orc warriors
  An eye of draining (D:13)
  8 ice beasts
  6 sky beasts
  3 slaves (D:8)
  10 ogres
  A phantom (D:8)
  A necrophage (D:8)
  8 centaurs
  12 wolves
  10 crocodiles
  3 big kobolds
  Blork the orc (D:5)
  18 bullfrogs
  4 scorpions
  A water moccasin skeleton (D:7)
  14 killer bees (D:14)
  3 wights (D:11)
  6 howler monkeys
  7 electric eels
  7 crimson imps
  2 quasits
  4 centaur zombies
  4 hounds
  6 jellies
  2 bullfrog skeletons
  26 orc wizards
  24 orc priests
  3 iguanas
  6 worker ants
  Robin (D:2)
  A worker ant zombie (D:5)
  4 gnolls (D:4)
  A howler monkey skeleton (D:6)
  A howler monkey zombie (D:7)
  13 adders
  6 shadow imps
  An ooze (Lair:5)
  An adder skeleton (D:4)
  An adder zombie (D:6)
  4 worms
  2 dart slugs (D:1)
  5 leopard geckos
  62 orcs
  8 giant cockroaches
  20 goblins
  3 hobgoblins
  21 jackals
  23 kobolds
  2 quokkas
  7 bats
  7 frilled lizards
  A leopard gecko skeleton (D:9)
  8 rats
  5 fungi
  10 plants
689 creatures vanquished.

Vanquished Creatures (collateral kills)
  2 salamanders (Volcano)
  A fire bat (Volcano)
  2 hell hounds (Volcano)
5 creatures vanquished.

Vanquished Creatures (others)
  A hydra (Lair:5)
  A centaur (D:6)
  An orc (Orc:1)
  2 quokkas
  A bush (D:11)
  9 fungi
  12 plants
27 creatures vanquished.

Grand Total: 721 creatures vanquished

Notes
Turn   | Place    | Note
-------+----------+-------------------------------------------
     0 | D:1      | nikopol the Minotaur Berserker began the quest for the Orb.
     0 | D:1      | Reached XP level 1. HP: 19/19 MP: 0/0
    89 | D:1      | Reached XP level 2. HP: 19/27 MP: 1/1
    99 | D:1      | Reached skill level 4 in Axes
   275 | D:1      | Reached ** piety under Trog
   308 | D:1      | Reached XP level 3. HP: 34/34 MP: 2/2
   819 | D:2      | Reached XP level 4. HP: 26/41 MP: 3/3
  1132 | D:2      | Noticed Robin
  1139 | D:2      | Killed Robin
  1343 | D:2      | Reached skill level 5 in Axes
  1487 | D:3      | Found a glowing drain.
  1502 | D:3      | Reached XP level 5. HP: 47/47 MP: 4/4
  1519 | Sewer    | Entered a sewer
  1542 | Sewer    | Noticed Purgy
  1556 | Sewer    | Killed Purgy
  1760 | Sewer    | Reached skill level 6 in Axes
  1792 | D:3      | Reached *** piety under Trog
  1864 | D:3      | Reached skill level 5 in Fighting
  1899 | D:3      | Reached XP level 6. HP: 54/56 MP: 5/5
  1975 | D:3      | Found a faded altar of an unknown god.
  2597 | D:4      | Found a glowing golden altar of the Shining One.
  2972 | D:4      | Found a sacrificial altar of Ru.
  3050 | D:5      | Entered Level 5 of the Dungeon
  3053 | D:5      | Reached skill level 7 in Axes
  3053 | D:5      | Reached XP level 7. HP: 61/61 MP: 6/6
  3260 | D:5      | Found a staircase to the Ecumenical Temple.
  3286 | D:5      | Noticed Blork the orc
  3289 | D:5      | Killed Blork the orc
  3338 | D:5      | Noticed 4thArraOfDagon's ghost (amateur OgEn)
  3350 | D:5      | Killed 4thArraOfDagon's ghost
  3350 | D:5      | Reached skill level 8 in Axes
  3462 | D:5      | Reached **** piety under Trog
  3462 | D:5      | Reached skill level 5 in Armour
  3689 | D:5      | Found a hazy altar of Hepliaklqana.
  3732 | D:5      | Found a burning altar of Makhleb.
  3872 | D:6      | Reached XP level 8. HP: 70/70 MP: 7/7
  3959 | D:6      | Reached skill level 9 in Axes
  4111 | D:6      | Reached skill level 1 in Bows
  4244 | D:6      | Found a snail-covered altar of Cheibriados.
  4280 | D:6      | Reached skill level 1 in Stealth
  4716 | D:7      | Found a shattered altar of Ashenzari.
  4782 | D:7      | Reached skill level 10 in Axes
  4876 | D:7      | Noticed a hippogriff
  4881 | D:7      | Killed a hippogriff
  4948 | D:7      | Found a transporter.
  4949 | D:7      | Noticed a cyclops
  4950 | D:7      | Found a transporter.
  4971 | D:7      | Reached XP level 9. HP: 61/78 MP: 8/8
  4987 | D:7      | Reached ***** piety under Trog
  5202 | D:7      | Found an ornate altar of the Wu Jian Council.
  5209 | D:7      | Received a gift from Trog
  5494 | D:7      | Reached skill level 5 in Bows
  6481 | D:8      | Found an iron altar of Okawaru.
  6489 | D:8      | Noticed Pikel
  6517 | D:8      | Killed Pikel
  6517 | D:8      | Reached skill level 11 in Axes
  6630 | D:8      | Found a white marble altar of Elyvilon.
  7306 | D:9      | Noticed Joseph
  7323 | D:9      | Killed Joseph
  7323 | D:9      | Reached XP level 10. HP: 45/87 MP: 9/9
  7554 | D:9      | Reached skill level 5 in Dodging
  7620 | D:9      | Found a shimmering altar of Xom.
  7665 | D:9      | Noticed Maurice
  7676 | D:9      | Killed Maurice
  7799 | D:9      | Reached skill level 12 in Axes
  7839 | D:9      | Noticed Grum
  7852 | D:9      | Killed Grum
  8301 | D:10     | Entered Level 10 of the Dungeon
  8520 | D:7      | Received a gift from Trog
  8522 | D:7      | Killed a cyclops
  8613 | D:8      | Killed an unseen horror
  9067 | D:10     | Reached XP level 11. HP: 88/96 MP: 10/10
  9306 | D:10     | Found a staircase to the Orcish Mines.
  9327 | D:10     | Received a gift from Trog
  9925 | D:11     | Reached skill level 13 in Axes
  9933 | D:11     | Noticed a five-headed hydra
  9945 | D:11     | Killed a 13-headed hydra
 10442 | D:11     | Reached skill level 10 in Fighting
 10491 | D:11     | Found a staircase to the Lair.
 10668 | D:11     | Found a snail-covered altar of Cheibriados.
 10931 | D:11     | Noticed a two-headed ogre
 10939 | D:11     | Killed a two-headed ogre
 11175 | D:11     | Noticed a four-headed hydra
 11184 | D:11     | Killed a four-headed hydra
 11184 | D:11     | Reached skill level 10 in Bows
 11695 | Lair:1   | Entered Level 1 of the Lair of Beasts
 12176 | Lair:1   | Reached XP level 12. HP: 89/107 MP: 11/11
 12189 | Lair:1   | Reached skill level 14 in Axes
 13317 | Lair:2   | You fall through a shaft for 2 floors!
 13317 | Lair:4   | Noticed a four-headed hydra
 13325 | Lair:4   | Killed a four-headed hydra
 13570 | Lair:3   | Noticed a five-headed hydra
 13577 | Lair:3   | Killed a five-headed hydra
 13640 | Lair:3   | Found a dark tunnel.
 13659 | Lair:3   | Reached skill level 10 in Armour
 13835 | Volcano  | Entered a volcano
 13947 | Volcano  | Noticed a two-headed ogre
 13957 | Volcano  | Killed a two-headed ogre
 14659 | Lair:3   | Found a staircase to the Shoals.
 14673 | Lair:2   | Received a gift from Trog
 15360 | Lair:3   | Got a pitted chain mail
 15371 | Lair:3   | Identified the +2 chain mail of Oblivion {Str-4 Int+4} (You found it on level 3 of the Lair of Beasts)
 17149 | Lair:4   | Found a hole to the Spider Nest.
 17404 | Lair:5   | Killed a four-headed hydra
 17454 | Lair:5   | Received a gift from Trog
 17867 | Lair:5   | Found a staircase to the Slime Pits.
 17870 | Lair:5   | Reached XP level 13. HP: 115/115 MP: 12/12
 18441 | Lair:6   | Entered Level 6 of the Lair of Beasts
 18862 | Lair:6   | Reached skill level 15 in Axes
 19194 | Lair:6   | Noticed a dire elephant
 19236 | Lair:6   | Killed a dire elephant
 20007 | Lair:6   | Received a gift from Trog
 21140 | Orc:1    | Entered Level 1 of the Orcish Mines
 21536 | Orc:2    | Entered Level 2 of the Orcish Mines
 21847 | Orc:2    | Found a staircase to the Elven Halls.
 21949 | Orc:1    | Noticed an ettin
 21960 | Orc:1    | Killed an ettin
 21960 | Orc:1    | Reached XP level 14. HP: 76/128 MP: 4/13
 22594 | Orc:2    | Reached skill level 16 in Axes
 22598 | Orc:2    | HP: 5/128 [orc priest/divine providence (11)]
 23095 | Orc:2    | Received a gift from Trog
 23248 | Orc:2    | Found Culapron's Assorted Antiques.
 23248 | Orc:2    | Found Qadeuz's Book Shoppe.
 23265 | Orc:2    | Found Kuitseck's Magic Scroll Boutique.
 23265 | Orc:2    | Found Hitarux's Gadget Boutique.
 23314 | Orc:2    | Bought a scroll of teleportation for 48 gold pieces
 23314 | Orc:2    | Bought a scroll of teleportation for 48 gold pieces
 23314 | Orc:2    | Bought a scroll of teleportation for 48 gold pieces
 24028 | D:12     | Noticed Nessos
 24050 | D:12     | Killed Nessos
 25022 | D:13     | Found a labyrinth entrance.
 25027 | Lab      | Entered a labyrinth
 25889 | Lab      | Found the +4 skin of Zhor {rC+++}
 25909 | Lab      | Got a scorched mace
 25909 | Lab      | Got a heavily runed ring mail
 25937 | D:13     | Identified the +9 ring mail "Tust" {rF+ rCorr Dex+3} (You found it in a labyrinth)
 25972 | D:13     | Identified the +7 mace of the Pits of Slime {freeze, Str+3 Int+3} (You found it in a labyrinth)
 27027 | D:13     | Received a gift from Trog
 27264 | D:13     | Found a gate to the Vaults.
 27395 | D:14     | Reached skill level 17 in Axes
 27963 | D:14     | Reached XP level 15. HP: 138/138 MP: 14/14
 28367 | D:14     | Reached skill level 15 in Fighting
 28850 | D:15     | Entered Level 15 of the Dungeon
 28861 | D:15     | Noticed Roxanne
 28883 | D:15     | Received a gift from Trog
 28970 | D:15     | Killed Roxanne
 28971 | D:15     | Identified Roxanne's Compendium of Stones (You took it off Roxanne on level 15 of the Dungeon)
 29282 | D:15     | Found a shadowy altar of Dithmenos.
 29392 | D:15     | Found a staircase to the Depths.
 29736 | D:15     | Reached skill level 15 in Bows
 29745 | D:15     | Reached ****** piety under Trog
 29745 | D:15     | Received a gift from Trog
 29751 | D:15     | HP: 10/213 [poisoned by a green ugly thing]
 29756 | D:15     | HP: 3/142 [poisoned by a green ugly thing]
 29757 | D:15     | HP: 1/142 [poisoned by a green ugly thing]
 29758 | D:15     | Succumbed to a green ugly thing's poison

Vault maps used:
D:1:      lemuel_arrival_funnel
D:2:      uniq_robin
D:3:      gup_sewer_entry_glass, chequers_ecumenical_altar_island, first_bread,
          kennysheep_boxes
D:4:      lemuel_crystal_altar, kennysheep_mini
D:5:      makhleb_grotto_becter, kennysheep_mini_moat,
          minmay_temple_entry_glassed_door, uniq_blork_the_orc
D:6:      lemuel_crystal_altar, lemuel_flamethrower_2
D:7:      ashenzari_conservatory_becter, gammafunk_temple_overflow_arena
D:8:      elyvilon_altar_4, basic_altar, uniq_pikel
D:9:      grunt_ogre_cave, lemuel_statue_altar, uniq_joseph, uniq_grum,
          uniq_maurice
D:10:     david_orc_2, serial_glass, glass_columns_b, glass_columns_a,
          glass_columns_a, glass_columns_b, glass_columns_b, glass_columns_b,
          glass_columns_b, glass_columns_b
D:11:     minmay_lair_entry_grove, basic_altar
D:12:     uniq_nessos
D:13:     david_vaults_4, lab_entry_generic
D:14:     serial_park_tiny_2, serial_bayou, serial_bayou_ford_a,
          serial_bayou_pond_a, serial_bayou_pond_c, serial_bayou_pond_b,
          minivault_7
D:15:     grunt_enter_depths_snipers, palyth_stone_intersect, basic_altar,
          kennysheep_pointless_box, grunt_guarded_unrand_obsidian_axe,
          uniq_roxanne, uniq_kirke
Lair:1:   wad_woods_river_01, grunt_megastairs_4
Lair:2:   st_stairs_3, beast_lair_carwin_4, infiniplex_staircase_pool
Lair:3:   shoals_dummy_entry, nicolae_volcano_entry_vermiform,
          serial_bayou_shore_a
Lair:4:   nicolae_spider_entry_orb_guardian
Lair:5:   nicolae_slime_entry_slimehenge, serial_forest,
          infiniplex_forest_lined_3_way, infiniplex_forest_clump_diagonal,
          infiniplex_forest_straight_4, infiniplex_forest_lined_1,
          infiniplex_forest_lined_room_3, infiniplex_forest_lined_room_,
          infiniplex_forest_straight_4
Lair:6:   grunt_lair_end_beastmaster, minivault_26, lemuel_fruit_fields
Orc:2:    st_orc_elflike
Lab:      nicolae_lab_starburst, nicolae_lab_very_dead_end, lab_statue,
          nicolae_lab_checkerboard, nicolae_lab_flowing_pool
Sewer:    kennysheep_door_sewer
Volcano:  volcano_village

Skill      XL: |  1  2  3  4  5  6  7  8  9 10 11 12 13 14 15 |
---------------+----------------------------------------------+-----
Fighting       | 4 5 6 7 9 10 11 13 14 15 | 15.6
Axes           | 4 5 6 7 8 10 11 12 13 14 15 17 | 17.6
Armour         | 3 4 5 7 8 9 11 12 13 | 13.0
Dodging        | 3 4 5 6 |  6.4
Bows           | 4 7 8 10 12 13 14 15 | 15.0
Stealth        | 1 2 3 |  3.1
Evocations     | |  0.1

Action                   |  1- 3 |  4- 6 |  7- 9 | 10-12 | 13-15 || total
-------------------------+-------+-------+-------+-------+-------++-------
Melee: Hand axe          |    71 |       |       |       |       ||    71
       Headbutt          |    10 |    23 |    43 |   116 |   137 ||   329
       War axe           |     8 |   130 |   231 |   428 |   127 ||   924
       Shortbow          |       |       |     1 |       |       ||     1
       Battleaxe         |       |       |       |       |   342 ||   342
 Fire: Shortbow          |       |       |   132 |   419 |   732 ||  1283
Invok: Burn Spellbooks   |       |     1 |     1 |     1 |     3 ||     6
       Berserk           |       |       |     1 |     5 |     5 ||    11
       Brothers in Arms  |       |       |       |     1 |       ||     1
       Trog's Hand       |       |       |       |       |     1 ||     1
Evoke: Wand              |       |       |       |       |     2 ||     2
  Use: Scroll            |       |     5 |     1 |     8 |    11 ||    25
  Eat: Chunk             |       |     6 |    32 |    37 |    44 ||   119
       Bread ration      |       |       |       |       |     2 ||     2
Armor: Animal skin       |    13 |       |       |       |       ||    13
       Ring mail         |    18 |    55 |     3 |       |    78 ||   154
       Scale mail        |       |       |   146 |    31 |       ||   177
       Chain mail        |       |       |       |   136 |       ||   136
       Plate armour      |       |       |       |    45 |   245 ||   290
Dodge: Dodged            |    54 |    90 |   128 |   192 |   241 ||   705

Table legend:
 A = Spawn XP
 B = Non-spawn XP
 C = Spawn XP percentage of total XP
 D = Spawn monster count
 E = Non-spawn monster count
 F = Spawn count percentage of total count
 G = Total turns spent on level
                    A         B        C        D         E        F      G
               +---------+---------+-------+---------+---------+-------+---------
         Total |       0 |  123519 |   0.0 |       0 |     676 |   0.0 | 29758
               +---------+---------+-------+---------+---------+-------+---------
           D:1 |       0 |      44 |   0.0 |       0 |      24 |   0.0 |   415
           D:2 |       0 |     135 |   0.0 |       0 |      36 |   0.0 |  1032
           D:3 |       0 |      62 |   0.0 |       0 |      22 |   0.0 |   565
           D:4 |       0 |     301 |   0.0 |       0 |      14 |   0.0 |   774
           D:5 |       0 |     708 |   0.0 |       0 |      22 |   0.0 |   815
           D:6 |       0 |     737 |   0.0 |       0 |      16 |   0.0 |   711
           D:7 |       0 |    1931 |   0.0 |       0 |      37 |   0.0 |  1512
           D:8 |       0 |    2522 |   0.0 |       0 |      24 |   0.0 |  1358
           D:9 |       0 |    3234 |   0.0 |       0 |      35 |   0.0 |  1177
          D:10 |       0 |    3382 |   0.0 |       0 |      29 |   0.0 |  1295
          D:11 |       0 |    6560 |   0.0 |       0 |      39 |   0.0 |  1926
          D:12 |       0 |    6749 |   0.0 |       0 |      28 |   0.0 |  1071
          D:13 |       0 |   10521 |   0.0 |       0 |      30 |   0.0 |  1506
          D:14 |       0 |   13102 |   0.0 |       0 |      59 |   0.0 |  1489
          D:15 |       0 |   14301 |   0.0 |       0 |      28 |   0.0 |   908
        Lair:1 |       0 |    4060 |   0.0 |       0 |      21 |   0.0 |  1594
        Lair:2 |       0 |    2446 |   0.0 |       0 |      16 |   0.0 |   742
        Lair:3 |       0 |    2224 |   0.0 |       0 |       7 |   0.0 |  1253
        Lair:4 |       0 |    4873 |   0.0 |       0 |      15 |   0.0 |  1447
        Lair:5 |       0 |    3326 |   0.0 |       0 |      19 |   0.0 |  1058
        Lair:6 |       0 |   22516 |   0.0 |       0 |      55 |   0.0 |  2552
         Orc:1 |       0 |    4271 |   0.0 |       0 |      29 |   0.0 |  1519
         Orc:2 |       0 |   10099 |   0.0 |       0 |      48 |   0.0 |  1163
           Lab |       0 |    2455 |   0.0 |       0 |       8 |   0.0 |   887
         Sewer |       0 |     150 |   0.0 |       0 |       6 |   0.0 |   264
       Volcano |       0 |    2810 |   0.0 |       0 |       9 |   0.0 |   725
               +---------+---------+-------+---------+---------+-------+---------
